APP
GREAT FALLS VOYAGERS @ PRINCETON RAYS
09/06/2049
 
TOP OF THE 1ST
Great Falls Voyagers batting - Pitching for Princeton Rays : RHP Nae-wi Choe
Pitching: RHP Nae-wi Choe
Batting: RHB Enrique Gomez 0-0: Ball
1-0: Swinging Strike
1-1: SOLO HOME RUN (Line Drive, 7D, EV 98.8 MPH), Distance : 378 ft
Batting: RHB Dave Dominguez 0-0: Foul Ball, location: 2F
0-1: SINGLE (Groundball, 4D, EV 111.2 MPH)
Batting: RHB Russ Cornett 0-0: Called Strike
0-1: Foul Ball, location: 2F
0-2: Foul Ball, location: 2F
0-2: Fly out, F8 (Flyball, 78S, EV 80.0 MPH)
Batting: RHB Billy Grubbs 0-0: Swinging Strike
0-1: Swinging Strike
0-2: Ball
1-2: Ball
2-2: Ball
3-2: Ground out 5-3 (Groundball, 56S, EV 66.2 MPH)
Dave Dominguez to second
Batting: RHB Mitch Cuadros 0-0: Called Strike
0-1: Ball
Wild Pitch!
Dave Dominguez to third
1-1: Fly out, F9 (Flyball, 89S, EV 80.6 MPH)
Top of the 1st over - 1 run, 2 hits, 0 errors, 1 left on base; Great Falls 1 - Princeton 0
BOTTOM OF THE 1ST
Princeton Rays batting - Pitching for Great Falls Voyagers : LHP Don Stanford
Pitching: LHP Don Stanford
Batting: RHB Luis Jara 0-0: Swinging Strike
0-1: Ball
1-1: Swinging Strike
1-2: Ball
2-2: Strikes out looking
Batting: RHB Toshikatsu Omori 0-0: Called Strike
0-1: Ball
1-1: Swinging Strike
1-2: Ball
2-2: Strikes out swinging
Batting: LHB Dave Northam 0-0: Called Strike
0-1: Ball
1-1: Foul Ball, location: 2F
1-2: Ground out 1-3 (Groundball, P, EV 68.8 MPH)
Bottom of the 1st over - 0 runs, 0 hits, 0 errors, 0 left on base; Great Falls 1 - Princeton 0
TOP OF THE 2ND
Great Falls Voyagers batting - Pitching for Princeton Rays : RHP Nae-wi Choe
Batting: RHB Jake Feinstein 0-0: Called Strike
0-1: Ball
1-1: Ball
2-1: Ball
3-1: Base on Balls
Batting: RHB Brad Adams Jr. 0-0: Ball
1-0: Foul Ball, location: 2F
1-1: Ball
2-1: Ground out 4-3 (Groundball, 4MD, EV 108.8 MPH)
Jake Feinstein to second
Batting: RHB Francisco Marin 0-0: Ball
1-0: Fly out, F8 (Flyball, 8RM, EV 90.6 MPH)
Batting: RHB David Cortez 0-0: Swinging Strike
0-1: Called Strike
0-2: Strikes out swinging
Top of the 2nd over - 0 runs, 0 hits, 0 errors, 1 left on base; Great Falls 1 - Princeton 0
BOTTOM OF THE 2ND
Princeton Rays batting - Pitching for Great Falls Voyagers : LHP Don Stanford
Batting: RHB Tony Bonilla 0-0: Ball
1-0: Ball
2-0: SINGLE (Flyball, 5D, EV 85.6 MPH)
Batting: RHB Bobby Ross 0-0: Ball
1-0: Called Strike
1-1: Called Strike
1-2: Strikes out swinging
Batting: RHB Sandoval Serzedelo 0-0: Ball
1-0: Swinging Strike
1-1: Swinging Strike
1-2: Strikes out looking
Batting: RHB Ben Saxton 0-0: Ball
1-0: Ball
2-0: Foul Ball, location: 2F
2-1: Called Strike
2-2: Strikes out looking
Bottom of the 2nd over - 0 runs, 1 hit, 0 errors, 1 left on base; Great Falls 1 - Princeton 0
TOP OF THE 3RD
Great Falls Voyagers batting - Pitching for Princeton Rays : RHP Nae-wi Choe
Batting: RHB Enrique Gomez 0-0: Ball
1-0: Foul Ball, location: 2F
1-1: Called Strike
1-2: Ground out 5-3 (Groundball, 56, EV 95.0 MPH)
Batting: RHB Dave Dominguez 0-0: Called Strike
0-1: SINGLE (Groundball, 34D, EV 93.8 MPH)
Batting: RHB Russ Cornett 0-0: Called Strike
Dave Dominguez steals 2nd base
0-1: Ground out 5-3 (Groundball, 5, EV 84.4 MPH)
Batting: RHB Billy Grubbs 0-0: Ground out 6-3 (Groundball, 6, EV 83.8 MPH)
Top of the 3rd over - 0 runs, 1 hit, 0 errors, 1 left on base; Great Falls 1 - Princeton 0
BOTTOM OF THE 3RD
Princeton Rays batting - Pitching for Great Falls Voyagers : LHP Don Stanford
Batting: RHB Jeff Standridge 0-0: Hit by Pitch
Batting: RHB Gilbert Hoareau 0-0: Ball
1-0: Foul Ball, location: 2F
1-1: Ball
2-1: Foul Ball, location: 2F
2-2: Strikes out swinging
Batting: RHB Luis Jara 0-0: Called Strike
0-1: Swinging Strike
0-2: Strikes out swinging
Batting: RHB Toshikatsu Omori 0-0: Called Strike
0-1: Ball
1-1: Swinging Strike
1-2: Ball
2-2: Foul Ball, location: 2F
2-2: Foul Ball, location: 2F
2-2: Foul Ball, location: 2F
2-2: Foul Ball, location: 2F
2-2: Ball
3-2: Ground out 6-3 (Groundball, 6, EV 81.2 MPH)
Bottom of the 3rd over - 0 runs, 0 hits, 0 errors, 1 left on base; Great Falls 1 - Princeton 0
TOP OF THE 4TH
Great Falls Voyagers batting - Pitching for Princeton Rays : RHP Nae-wi Choe
Batting: RHB Mitch Cuadros 0-0: Called Strike
0-1: Ball
1-1: Called Strike
1-2: SOLO HOME RUN (Flyball, 7LD, EV 97.5 MPH), Distance : 348 ft
Batting: RHB Jake Feinstein 0-0: Ball
1-0: Ball
2-0: Swinging Strike
2-1: Called Strike
2-2: Ball
3-2: Foul Ball, location: 2F
3-2: Foul Ball, location: 2F
3-2: Base on Balls
Batting: RHB Brad Adams Jr. 0-0: Called Strike
0-1: Fielders Choice at 2nd, 6-4 (Groundball, 6, EV 79.4 MPH)
Batting: RHB Francisco Marin 0-0: Called Strike
0-1: Called Strike
0-2: Strikes out swinging
Batting: RHB David Cortez 0-0: SINGLE (Line Drive, 7S, EV 105.0 MPH)
Brad Adams Jr. to second
Batting: RHB Enrique Gomez 0-0: SINGLE (Groundball, 6S, EV 68.1 MPH) (infield hit)
Brad Adams Jr. to third
David Cortez to second
Batting: RHB Dave Dominguez 0-0: Ball
1-0: Ball
2-0: Ball
3-0: Base on Balls
Brad Adams Jr. scores
David Cortez to third
Enrique Gomez to second
Batting: RHB Russ Cornett 0-0: Called Strike
0-1: Called Strike
0-2: Foul Ball, location: 2F
0-2: Fielders Choice at 2nd, 6-4 (Groundball, 6, EV 103.1 MPH)
Top of the 4th over - 2 runs, 3 hits, 0 errors, 3 left on base; Great Falls 3 - Princeton 0
BOTTOM OF THE 4TH
Princeton Rays batting - Pitching for Great Falls Voyagers : LHP Don Stanford
Batting: LHB Dave Northam 0-0: Ball
1-0: Called Strike
1-1: Swinging Strike
1-2: Ball
2-2: SINGLE (Groundball, 6M, EV 95.6 MPH)
Batting: RHB Tony Bonilla 0-0: Ball
1-0: Called Strike
1-1: Foul Ball, location: 2F
1-2: Ball
2-2: Fielders Choice at 2nd, 6-4 (Groundball, 6, EV 80.6 MPH)
Batting: RHB Bobby Ross 0-0: Ball
1-0: Ball
2-0: Called Strike
2-1: Ball
3-1: SINGLE (Groundball, 6MS, EV 70.0 MPH) (infield hit)
Tony Bonilla to second
Batting: RHB Sandoval Serzedelo 0-0: Called Strike
0-1: SINGLE (Groundball, 56, EV 110.0 MPH) (infield hit)
Tony Bonilla to third
Bobby Ross to second
Batting: RHB Ben Saxton 0-0: Ball
1-0: Ball
2-0: Swinging Strike
2-1: Fly out, F8 (Line Drive, 8LM, EV 90.0 MPH)
Batting: RHB Jeff Standridge 0-0: Called Strike
0-1: Swinging Strike
0-2: Ball
1-2: Ball
2-2: Strikes out swinging
Bottom of the 4th over - 0 runs, 3 hits, 0 errors, 3 left on base; Great Falls 3 - Princeton 0
TOP OF THE 5TH
Great Falls Voyagers batting - Pitching for Princeton Rays : RHP Nae-wi Choe
Batting: RHB Billy Grubbs 0-0: Ball
1-0: Foul Ball, location: 2F
1-1: Fly out, F6 (Line Drive, 6M, EV 89.4 MPH)
Batting: RHB Mitch Cuadros 0-0: Called Strike
0-1: Ball
1-1: DOUBLE (Groundball, 5L, EV 102.5 MPH)
Batting: RHB Jake Feinstein 0-0: Ball
1-0: Called Strike
1-1: Ground out 4-3 (Groundball, 4, EV 88.8 MPH)
Mitch Cuadros to third
Batting: RHB Brad Adams Jr. 0-0: Intentional Walk
Batting: RHB Francisco Marin 0-0: Swinging Strike
0-1: Foul Ball, location: 2F
0-2: Strikes out looking
Top of the 5th over - 0 runs, 1 hit, 0 errors, 2 left on base; Great Falls 3 - Princeton 0
BOTTOM OF THE 5TH
Princeton Rays batting - Pitching for Great Falls Voyagers : LHP Don Stanford
Batting: RHB Gilbert Hoareau 0-0: Called Strike
0-1: Ball
1-1: Swinging Strike
1-2: Ball
2-2: Ground out U3 (Groundball, 34S, EV 84.4 MPH)
Batting: RHB Luis Jara 0-0: SINGLE (Flyball, 89S, EV 90.6 MPH)
Batting: RHB Toshikatsu Omori 0-0: Ball
1-0: Fly out, F9 (Flyball, 89M, EV 89.4 MPH)
Batting: LHB Dave Northam 0-0: Ball
1-0: Called Strike
Luis Jara is caught stealing 2nd base 2-6
Bottom of the 5th over - 0 runs, 1 hit, 0 errors, 0 left on base; Great Falls 3 - Princeton 0
TOP OF THE 6TH
Great Falls Voyagers batting - Pitching for Princeton Rays : RHP Nae-wi Choe
Batting: RHB David Cortez 0-0: Foul Ball, location: 2F
0-1: Ground out 5-3 (Groundball, 5, EV 89.4 MPH)
Pitching: RHP Josh Carey
Batting: RHB Enrique Gomez 0-0: Ball
1-0: Called Strike
1-1: Foul Ball, location: 2F
1-2: Foul Ball, location: 2F
1-2: Ball
2-2: Strikes out swinging
Batting: RHB Dave Dominguez 0-0: Ball
1-0: Ball
2-0: Called Strike
2-1: Ball
3-1: Called Strike
3-2: Strikes out looking
Top of the 6th over - 0 runs, 0 hits, 0 errors, 0 left on base; Great Falls 3 - Princeton 0
BOTTOM OF THE 6TH
Princeton Rays batting - Pitching for Great Falls Voyagers : LHP Don Stanford
Batting: LHB Dave Northam 0-0: Ground out 3-1 (Groundball, 34S, EV 80.0 MPH)
Batting: RHB Tony Bonilla 0-0: Fly out, F7 (Flyball, 7, EV 88.8 MPH)
Batting: RHB Bobby Ross 0-0: Called Strike
0-1: Swinging Strike
0-2: Ball
1-2: Ground out 4-3 (Groundball, 4, EV 111.9 MPH)
Bottom of the 6th over - 0 runs, 0 hits, 0 errors, 0 left on base; Great Falls 3 - Princeton 0
TOP OF THE 7TH
Great Falls Voyagers batting - Pitching for Princeton Rays : RHP Josh Carey
Batting: RHB Russ Cornett 0-0: Foul Ball, location: 2F
0-1: Ball
1-1: Foul Ball, location: 2F
1-2: Foul Ball, location: 2F
1-2: Foul Ball, location: 2F
1-2: Fly out, F9 (Flyball, 89M, EV 91.9 MPH)
Batting: RHB Billy Grubbs 0-0: Foul Ball, location: 2F
0-1: Ball
1-1: Swinging Strike
1-2: Strikes out swinging
Batting: RHB Mitch Cuadros 0-0: Fly out, F7 (Flyball, 7LD, EV 98.8 MPH)
Top of the 7th over - 0 runs, 0 hits, 0 errors, 0 left on base; Great Falls 3 - Princeton 0
BOTTOM OF THE 7TH
Princeton Rays batting - Pitching for Great Falls Voyagers : LHP Don Stanford
Pitching: RHP Bin Li
Batting: RHB Sandoval Serzedelo 0-0: Called Strike
0-1: Ball
1-1: Foul Ball, location: 2F
1-2: Foul Ball, location: 2F
1-2: Ground out 6-3 (Groundball, 6, EV 80.0 MPH)
Pinch Hitting: LHB Ian Cranton 0-0: Ball
1-0: Ball
2-0: Ball
3-0: Base on Balls
Pinch Hitting: LHB Jonathan Watt 0-0: Ball
1-0: SINGLE (Line Drive, 89M, EV 96.2 MPH)
Ian Cranton to second
Pinch Hitting: RHB Gabe Wilcoxon 0-0: Foul Ball, location: 2F
0-1: Ball
1-1: Ball
2-1: Foul Ball, location: 2F
2-2: SINGLE (Line Drive, 56D, EV 97.5 MPH)
Ian Cranton to third
Jonathan Watt to second
Batting: RHB Luis Jara 0-0: Ball
1-0: Ball
2-0: Called Strike
2-1: Grounds into fielders choice 6-2 (Groundball, 56, EV 96.9 MPH)
Jonathan Watt to third
Gabe Wilcoxon to second
Pinch Hitting: SHB Dan Trainer 0-0: Fly out, F8 (Flyball, 89M, EV 81.9 MPH)
Bottom of the 7th over - 0 runs, 2 hits, 0 errors, 3 left on base; Great Falls 3 - Princeton 0
TOP OF THE 8TH
Great Falls Voyagers batting - Pitching for Princeton Rays : RHP Josh Carey
Now at 1B: Ian Cranton
Now at 2B: Willie Acevedo
Now at 3B: Luis Jara
Now at SS: Dan Trainer
Now in CF: Carlos Ruelas
Batting: RHB Jake Feinstein 0-0: Ball
1-0: Ball
2-0: Ball
3-0: Called Strike
3-1: Foul Ball, location: 2F
3-2: Base on Balls
Batting: RHB Brad Adams Jr. 0-0: Ball
1-0: 2-RUN HOME RUN (Flyball, 7LD, EV 90.6 MPH), Distance : 346 ft
Batting: RHB Francisco Marin 0-0: Called Strike
0-1: Ball
1-1: Ball
2-1: Ball
3-1: Called Strike
3-2: Ground out 4-3 (Groundball, 4M, EV 87.5 MPH)
Batting: RHB David Cortez 0-0: Ball
1-0: Foul Ball, location: 2F
1-1: Ball
2-1: Foul Ball, location: 2F
2-2: Strikes out swinging
Pitching: LHP Joel Brown
Batting: RHB Enrique Gomez 0-0: Called Strike
0-1: Ball
1-1: Foul Ball, location: 2F
1-2: Foul Ball, location: 2F
1-2: Foul Ball, location: 2F
1-2: Ball
2-2: Strikes out swinging
Top of the 8th over - 2 runs, 1 hit, 0 errors, 0 left on base; Great Falls 5 - Princeton 0
BOTTOM OF THE 8TH
Princeton Rays batting - Pitching for Great Falls Voyagers : RHP Bin Li
Pitching: LHP Craig Courcha
Batting: LHB Dave Northam 0-0: Ball
1-0: Foul Ball, location: 2F
1-1: Foul Ball, location: 2F
1-2: Foul Ball, location: 2F
1-2: Foul Ball, location: 2F
1-2: Foul Ball, location: 2F
1-2: Ball
2-2: Foul Ball, location: 2F
2-2: Foul Ball, location: 2F
2-2: Ball
3-2: Fly out, F9 (Flyball, 9, EV 98.1 MPH)
Batting: RHB Tony Bonilla 0-0: Called Strike
0-1: Ball
1-1: Ball
2-1: Ball
3-1: Base on Balls
Batting: RHB Bobby Ross 0-0: 2-RUN HOME RUN (Flyball, 9D, EV 96.2 MPH), Distance : 383 ft
Batting: RHB Sandoval Serzedelo 0-0: Foul Ball, location: 2F
0-1: Fly out, F8 (Line Drive, 8LD, EV 90.6 MPH)
Batting: LHB Ian Cranton 0-0: Ball
1-0: Called Strike
1-1: Foul Ball, location: 2F
1-2: SINGLE (Groundball, 56, EV 99.4 MPH)
Batting: RHB Willie Acevedo 0-0: Called Strike
0-1: Swinging Strike
0-2: Foul Ball, location: 2F
0-2: Strikes out swinging
Bottom of the 8th over - 2 runs, 2 hits, 0 errors, 1 left on base; Great Falls 5 - Princeton 2
TOP OF THE 9TH
Great Falls Voyagers batting - Pitching for Princeton Rays : LHP Joel Brown
Batting: RHB Dave Dominguez 0-0: Foul Ball, location: 2F
0-1: SINGLE (Flyball, 78S, EV 93.8 MPH)
Batting: RHB Russ Cornett 0-0: Foul Ball, location: 2F
0-1: Ball
1-1: Foul Ball, location: 2F
1-2: Ball
2-2: Ball
3-2: Fly out, F8 (Flyball, 8RD, EV 95.6 MPH)
Runner from 1st tags up, SAFE at 2nd
Batting: RHB Billy Grubbs 0-0: Ball
1-0: Ball
2-0: Fly out, F5 (Popup, 56, EV 63.8 MPH)
Batting: RHB Mitch Cuadros 0-0: Ball
1-0: Ball
2-0: Ball
3-0: Base on Balls
Batting: RHB Jake Feinstein 0-0: Ball
1-0: Ball
2-0: Called Strike
2-1: Called Strike
2-2: Ball
3-2: Ground out 4-3 (Groundball, 4MD, EV 88.8 MPH)
Top of the 9th over - 0 runs, 1 hit, 0 errors, 2 left on base; Great Falls 5 - Princeton 2
BOTTOM OF THE 9TH
Princeton Rays batting - Pitching for Great Falls Voyagers : LHP Craig Courcha
Pitching: LHP Dave Fairn
Pinch Hitting: RHB Joel Wittmier 0-0: Ball
1-0: Swinging Strike
1-1: Foul Ball, location: 2F
1-2: Ball
2-2: Ball
3-2: Strikes out swinging
Batting: RHB Luis Jara 0-0: Called Strike
0-1: Ball
1-1: Ball
2-1: Foul Ball, location: 2F
2-2: Ball
3-2: Base on Balls
Batting: SHB Dan Trainer 0-0: Foul Ball, location: 2F
0-1: Swinging Strike
0-2: Strikes out swinging
Batting: LHB Dave Northam 0-0: Ball
1-0: 2-RUN HOME RUN (Flyball, 9D, EV 99.4 MPH), Distance : 392 ft
Batting: RHB Tony Bonilla 0-0: Ground out 4-3 (Groundball, 4, EV 80.6 MPH)
Bottom of the 9th over - 2 runs, 1 hit, 0 errors, 0 left on base; Great Falls 5 - Princeton 4
Sunday, July 16th , 2023 - OOTP Baseball 24.6 Build 69